 Dungeon Crawl Stone Soup version 0.31.0-12-g77e489cdc1 (webtiles) character file.

Game seed: 16451941180235367254

140 TerraPolaris the Poker (level 5, 0/45 (47) HPs)
             Began as a Minotaur Berserker on Feb 14, 2024.
             Was a Believer of Trog.
             Slain by Crazy Yiuf
             ... wielding a +2 quarterstaff of chaos
              (9 damage)
             ... on level 3 of the Dungeon.
             The game lasted 00:19:08 (3043 turns).

TerraPolaris the Poker (Minotaur Berserker)         Turns: 3043, Time: 00:19:08

HP:   0/45 (47)     AC:  9    Str: 24    XL:     5   Next: 2%
MP:   4/4           EV:  9    Int:  4    God:    Trog [**....]
Gold: 199           SH:  0    Dex:  9    Spells: 4/4 levels left

rFire   . . .        a - +0 spear
rCold   . . .        (no shield)
rNeg    . . .        f - +0 chain mail
rPois   .            (helmet restricted)
rElec   .            (no cloak)
rCorr   .            (no gloves)
SInv    .            (no boots)
Will    ++...        (no amulet) Stlth
                     g - ring of willpower
HPRegen 0.27/turn    i - ring of willpower
MPRegen 0.09/turn

%: no passive effects
@: confused, lethally poisoned (0 -> -5), lightly drained
A: horns 2, retaliatory headbutt
a: Renounce Religion, Berserk, Trog's Hand


You were on level 3 of the Dungeon.
You worshipped Trog.
Trog was pleased with you.
You visited 1 branch of the dungeon, and saw 3 of its levels.

You collected 199 gold pieces.

Inventory:

Hand Weapons
 a - a +0 spear (weapon)
Armour
 f - a +0 chain mail (worn)
Jewellery
 g - a ring of willpower (left hand)
 i - a ring of willpower (right hand)
Wands
 l - a wand of mindburst (14)
Scrolls
 b - 3 scrolls of blinking
 c - 2 scrolls of enchant armour {unknown}
 e - 6 scrolls of identify
 h - a scroll of teleportation {unknown}
 j - a scroll of immolation {unknown}
 m - a scroll of fog {unknown}
 n - a scroll of butterflies {unknown}
Potions
 d - 2 potions of curing {unknown}
 k - 2 potions of heal wounds {unknown}


   Skills:
 + Level 4.3 Fighting
 + Level 5.1 Polearms
 + Level 3.8 Armour
 + Level 3.1 Dodging
 + Level 0.2 Stealth


You had 4 spell levels left.
You didn't know any spells.
Your spell library was empty.

Dungeon Overview and Level Annotations

Branches:
Dungeon (3/15)

Altars:

Shops:
D:1 *[=   D:2 [!

Annotations:
D:3 Crazy Yiuf


Innate Abilities, Weirdness & Mutations

You have a pair of horns on your head.
You reflexively headbutt those who attack you in melee.


Message History

You puncture the fungus!
The fungus is lightly damaged.
A nearby fungus withers and dies.
Found a hammer.
Found a runed translucent door.
Crazy Yiuf shouts!
As you open the door, it creaks loudly!
Crazy Yiuf whimpers, "Orb cloud light!"
You hit Crazy Yiuf.
Crazy Yiuf is lightly wounded.
Crazy Yiuf completely misses you. You furiously retaliate!
You headbutt Crazy Yiuf. You hit Crazy Yiuf but do no damage.
Your headbutt misses Crazy Yiuf.
Crazy Yiuf is moderately wounded.
Crazy Yiuf hits you with a +2 quarterstaff of chaos!
You feel drained.
You hit Crazy Yiuf. Your headbutt misses Crazy Yiuf.
Crazy Yiuf is heavily wounded.
You hit Crazy Yiuf but do no damage.
Crazy Yiuf is heavily wounded.
Crazy Yiuf hits you with a +2 quarterstaff of chaos.
Crazy Yiuf burns you.
You hit Crazy Yiuf.
Crazy Yiuf is severely wounded.
Crazy Yiuf hits you with a +2 quarterstaff of chaos.
You barely miss Crazy Yiuf.
Crazy Yiuf is severely wounded.
Crazy Yiuf hits you with a +2 quarterstaff of chaos.
You are poisoned.
You barely miss Crazy Yiuf.
Crazy Yiuf is severely wounded.
You feel very sick.
Crazy Yiuf hits you with a +2 quarterstaff of chaos!
* * * LOW HITPOINT WARNING * * *
You are confused.
You bump into the stone wall.
You feel sick.
Crazy Yiuf says, "Fluff sing-song down!"
Crazy Yiuf barely misses you.
You bump into the tree.
You feel sick.
Crazy Yiuf hits you with a +2 quarterstaff of chaos!
You die...

######.#
##.#.###.###.#†#####.#
..# #.# ##### ###
#....# #.. #.# #.#
##.##.# ### #.#
#.##### ##### #..##.#
#.# #.....# #..)#
#####.# ..####.#####
#...# #####.#
......†### ... #.....#
........[# #g#
###########
########.### ♣♣@♣
#.........#
...#####...# ♣.♣♣
#########.#
##.........# ♣♣.♣ #.#
########### ♣.♣♣ #.#
♣♣.♣♣ ### #.# ♣...♣♣
#.### #.# ♣....♣ #...#
#.# #....# #.#.## #.#
#'..'####....####.##


You could see Crazy Yiuf.

Vanquished Creatures
  Terence (D:3)
  4 adders
  3 ribbon worms
  4 dart slugs
  5 ball pythons
  7 bats
  7 endoplasms
  9 giant cockroaches
  A goblin (D:1)
  3 hobgoblins
  5 jackals
  A quokka (D:3)
  2 frilled lizards
  5 kobolds
  3 rats
60 creatures vanquished.

Notes
Turn   | Place    | Note
-------+----------+-------------------------------------------
     0 | D:1      | TerraPolaris the Minotaur Berserker began the quest for the
                  | Orb.
     0 | D:1      | Reached XP level 1. HP: 19/19 MP: 0/0
   111 | D:1      | Reached XP level 2. HP: 20/27 MP: 1/1
   190 | D:1      | Reached skill level 4 in Polearms
   450 | D:1      | Found Onwex's Assorted Antiques.
   768 | D:1      | Found Piviyh's Armour Boutique.
   775 | D:1      | Reached XP level 3. HP: 33/33 MP: 2/2
   890 | D:1      | Found Fyjagien's Jewellery Shoppe.
  1457 | D:2      | Reached ** piety under Trog
  1602 | D:2      | Noticed an animated shadow dragon scales
  1603 | D:2      | Found Lusa's Armour Emporium.
  1604 | D:2      | Noticed an animated gold dragon scales
  1704 | D:2      | Found Puxzoan's Distillery.
  1726 | D:2      | Reached XP level 4. HP: 39/40 MP: 3/3
  1767 | D:2      | Found a faded altar of an unknown god.
  2338 | D:3      | Noticed Terence
  2343 | D:3      | Killed Terence
  2344 | D:3      | Reached skill level 5 in Polearms
  2855 | D:3      | Found Syepn's Jewellery Shoppe.
  2897 | D:3      | Reached XP level 5. HP: 47/47 MP: 4/4
  3030 | D:3      | Found a runed translucent door.
  3031 | D:3      | Noticed Crazy Yiuf
  3043 | D:3      | Slain by Crazy Yiuf

Illustrated notes

Levels and vault maps discovered:
D:1:      minmay_arrival_four_loops, layout_basic, serial_shops, shop, shop,
          nicolae_shop_gaudy_bauble
D:2:      layout_basic, ebering_ecumenical_altar_box, serial_shops, shop,
          nicolae_shop_mannequins, roderic_cross_of_infinity
D:3:      layout_loops_ring, serial_shops, nicolae_shop_tiny_glass,
          uniq_terence, uniq_crazy_yiuf_cottage

Skill      XL: |  1  2  3  4 |
---------------+-------------+-----
Polearms       | 4 5 |  5.1
Fighting       | 4 |  4.3
Armour         | 3 |  3.8
Dodging        | 3 |  3.1
Stealth        | |  0.2

Action                     |  1- 3 |  4- 6 || total
---------------------------+-------+-------++-------
  Melee: Spear             |    79 |    82 ||   161
         Headbutt          |    14 |    19 ||    33
         Punch             |     1 |       ||     1
    Use: Scroll            |       |     1 ||     1
 Armour: Animal skin       |    13 |       ||    13
         Scale mail        |    15 |       ||    15
         Steam dragon scal |     3 |       ||     3
         Chain mail        |    22 |    57 ||    79
  Dodge: Dodged            |    41 |    28 ||    69
